 Dungeon Crawl Stone Soup version 0.30.1-11-g7821555f0a (webtiles) character file.

Game seed: 4486655255872829481

9437 BiteMe the Arsonist (level 11, -4/87 HPs)
             Began as a Demonspawn Fire Elementalist on Dec 23, 2023.
             Was an Elder of Vehumet.
             Shot with an arrow by a centaur warrior (16 damage)
             ... on level 11 of the Dungeon on Dec 24, 2023.
             The game lasted 03:20:40 (18218 turns).

BiteMe the Arsonist (Demonspawn Fire Elementalist) Turns: 18218, Time: 03:20:41

Health: -4/87      AC: 13    Str: 10    XL:     11   Next: 23%
Magic:  17/32      EV: 18    Int: 20    God:    Vehumet [****..]
Gold:   520        SH:  4    Dex: 13    Spells: 7/27 levels left

rFire   + + +        F - staff of fire "Buefruv" {rPois rF+}
rCold   x . .        U - +1 buckler {rF+}
rNeg    . . .        l - +0 steam dragon scales
rPois   +            p - +0 helmet
rElec   .            Q - +1 cloak {Stlth+}
rCorr   .            z - +2 pair of gloves {hurl}
SInv    .            (no boots)
Will    .....        u - amulet of regeneration
Stlth   +++          C - ring of magical power
HPRegen 1.14/turn    B - ring of fire
MPRegen 0.23/turn

%: no passive effects
@: agile, very slightly contaminated
A: claws 1, rugged brown scales 2, powered by pain 1, demonic magic 1
a: Renounce Religion


You were on level 11 of the Dungeon.
You worshipped Vehumet.
Vehumet was greatly pleased with you.
You visited 2 branches of the dungeon, and saw 12 of its levels.
You also visited: Ossuary and Bailey.

You collected 520 gold pieces.

Inventory:

Hand Weapons
 a - a +2 heavy battleaxe
 x - a +3 spear
 L - a +0 heavy shortbow
Armour
 k - a scarf of resistance
 l - +0 steam dragon scales (worn)
 p - a +0 helmet (worn)
 y - a +2 robe of positive energy
 z - a +2 pair of gloves of hurling (worn)
 P - a +8 chain mail of ponderousness
 Q - a +1 cloak of stealth (worn)
 U - a +1 buckler of fire resistance (worn)
Magical Staves
 F - the staff of fire "Buefruv" (weapon) {rPois rF+}
   (You acquired it in a bailey)

   [staff of fire]

   Base accuracy: +5 Base damage: 5 Base attack delay: 1.2 This weapon's minimum
   attack delay (0.6) is reached at skill level 12.
   rF:        It protects you from fire.
   rPois:     It protects you from poison.
   It falls into the 'Staves' category.
   It is a one-handed weapon.
 W - the staff of conjuration "Huesaovu" {rPois rF+ rC++ Int-4}
   (You found it on level 6 of the Dungeon)

   [staff of conjuration]

   Base accuracy: +5 Base damage: 5 Base attack delay: 1.2 This weapon's minimum
   attack delay (0.6) is reached at skill level 12.
   Int:       It affects your intelligence (-4).
   rF:        It protects you from fire.
   rC:        It greatly protects you from cold.
   rPois:     It protects you from poison.
   It falls into the 'Staves' category.
   It is a one-handed weapon.
Jewellery
 g - a +4 ring of protection
 h - a ring of see invisible
 i - a ring of protection from fire
 u - an amulet of regeneration (around neck)
 B - a ring of fire (right hand)
 C - a ring of magical power (left hand)
 H - an amulet of the acrobat
 N - a ring of magical power
 O - an amulet of reflection
Wands
 o - a wand of digging (8)
 s - a wand of mindburst (5)
 J - a wand of polymorph (7)
Scrolls
 c - 3 scrolls of silence
 f - a scroll of vulnerability {unknown}
 m - 2 scrolls of enchant weapon {unknown}
 n - a scroll of amnesia {unknown}
 r - 4 scrolls of fear
 v - 2 scrolls of teleportation
 w - a scroll of poison {unknown}
 A - 3 scrolls of immolation
 G - a scroll of fog
 I - a scroll of identify
 K - a scroll of blinking {unknown}
Potions
 b - a potion of magic
 d - 4 potions of curing
 e - 3 potions of attraction {unknown}
 j - 4 potions of might
 q - 2 potions of haste {unknown}
 t - 7 potions of brilliance
 D - 2 potions of flight
 E - a potion of experience {unknown}
 M - a potion of resistance {unknown}
 R - 5 potions of lignification
 S - 4 potions of heal wounds
 V - a potion of ambrosia {unknown}
 X - 2 potions of cancellation {unknown}


   Skills:
 * Level 6.4 Fighting
 - Level 1.1(1.3) Maces & Flails
 * Level 1.0(1.2) Staves
 * Level 5.3 Dodging
 - Level 1.8 Stealth
 + Level 0.2 Unarmed Combat
 + Level 8.6 Spellcasting
 * Level 5.7 Conjurations
 - Level 0.1 Hexes
 - Level 1.0 Translocations
 * Level 10.3 Fire Magic
 + Level 0.1 Poison Magic
 * Level 0.9 Evocations


You had 7 spell levels left.
You knew the following spells:

 Your Spells              Type           Power      Damage    Failure   Level
a - Foxfire               Conj/Fire      100%       2x1d9     1%          1
b - Scorch                Fire           100%       2d9       1%          2
c - Inner Flame           Hex/Fire       60%        N/A       1%          3
d - Volatile Blastmotes   Fire/Tloc      100%       2d18      1%          3
e - Flame Wave            Conj/Fire      75%        2d17      1%          4
f - Mephitic Cloud        Conj/Pois/Air  16%        N/A       4%          3
g - Fulminant Prism       Conj/Hex       10%        3d8       11%         4

Your spell library contained the following spells:

 Spells                   Type           Power      Damage    Failure   Level
 Hailstorm                Conj/Ice       20%        3d6       3%          3
 Magic Dart               Conj           100%       1d8       1%          1
 Searing Ray              Conj           62%        2d6       1%          2
 Call Imp                 Summ           16%        N/A       19%         2
 Ensorcelled Hibernation  Hex/Ice        16%        N/A       19%         2
 Passwall                 Tmut/Erth      6%         N/A       19%         2
 Swiftness                Air            8%         N/A       34%         3


Dungeon Overview and Level Annotations

Branches:
Dungeon (11/15)            Temple (1/1) D:4            Lair (0/5) D:8
Ossuary (visited)          Bailey (visited)
    Orc: D:9-12

Altars:
Ashenzari
Cheibriados
Dithmenos
Fedhas
Hepliaklqana
Kikubaaqudgha
Nemelex Xobeh
Qazlal
Sif Muna
Trog
Vehumet
Xom
Yredelemnul

Shops:
D:9 =

Portals:
Trove: D:10 (give 8 scrolls of fog)


Innate Abilities, Weirdness & Mutations

You have sharp fingernails.
You are mostly covered in rugged brown scales. (AC +2, +5% HP)
You sometimes gain a little power by taking damage.
Spells you cast may paralyse adjacent enemies.


Message History

Your fulminant prism detonates feebly.
Casting: Fulminant Prism (dangerous; 11% risk of failure)
Confirm with . or Enter, or press ? or * to list all spells.
Aiming: Mephitic Cloud (mildly dangerous; 4% risk of failure)
Press: ? - help, Shift-Dir - straight line The ball explodes into a vile cloud!
The stinking cloud engulfs the centaur warrior but does no damage.
Malevolent energies surge around you.
The centaur warrior shoots an arrow.
The arrow hits you!
The centaur warrior shoots an arrow.
The arrow hits you!
* * * LOW HITPOINT WARNING * * *
You feel much better.
The centaur warrior is engulfed in noxious fumes.
The centaur warrior shoots an arrow.
The arrow misses you.
The centaur warrior is engulfed in noxious fumes.
The centaur warrior shoots an arrow.
The arrow hits you!
* * * LOW HITPOINT WARNING * * *
Casting: Mephitic Cloud (mildly dangerous; 4% risk of failure)
Confirm with . or Enter, or press ? or * to list all spells.
Aiming: Mephitic Cloud (mildly dangerous; 4% risk of failure)
Press: ? - help, Shift-Dir - straight line, f - centaur warrior
Aim: a centaur warrior, wielding a +0 shortbow (noxious fumes, chance to affect: 53%)
The ball explodes into a vile cloud!
The stinking cloud engulfs the centaur warrior but does no damage.
Malevolent energies surge around you.
The centaur warrior is engulfed in noxious fumes.
The cloud of blastmotes explodes!
The concussive blast engulfs the centaur warrior!!
The centaur warrior is heavily wounded.
Casting: Mephitic Cloud (mildly dangerous; 4% risk of failure)
Confirm with . or Enter, or press ? or * to list all spells.
Aiming: Fulminant Prism (dangerous; 11% risk of failure)
Press: ? - help, Dir - move target, p - centaur warrior You conjure a prism of explosive energy!
Malevolent energies surge around you.
A fulminant prism comes into view.
The centaur warrior shoots an arrow.
The arrow hits you!
* * * LOW HITPOINT WARNING * * *
You focus on the pain.
You feel your power returning.
The centaur warrior shoots an arrow.
The arrow hits you!
You die...

#.#..# #....# #....# #....#
#....# ##########....#
#......c○.....#
#...#..######.#
#[..@.*######.#
#########+###.............#
.........................#
##...# #..........#.......#
.....# #......#...#...###.#
.....# #..##..#...#...# #.#
.....###..........#...###.#
..........................#
###########################


You could see a centaur warrior (ally target) and a friendly fulminant prism.

Vanquished Creatures
  A boulder beetle (D:6)
  A manticore (D:9)
  2 gargoyles
  Psyche (D:10)
  An unseen horror zombie (D:8)
  A komodo dragon (D:9)
  Grinder (D:5)
  2 trolls (D:9)
  A vampire (Bailey)
  10 yaks (D:8)
  A wyvern (D:9)
  A shadow (D:11)
  A steam dragon (D:7)
  An acid dragon (D:8)
  3 water moccasins
  Duvessa (D:4)
  The ghost of Tacobop the Sneak, an amateur VSBr of Hepliaklqana (D:6)
  A black bear (D:8)
  An orc warrior (D:10)
  An ice beast (D:6)
  An ogre (D:5)
  2 centaurs (D:10)
  2 bullfrogs (D:9)
  2 scorpions
  A gnoll sergeant (D:10)
  2 water moccasin zombies (Ossuary)
  7 wights
  Dowan (D:4)
  5 killer bees (D:9)
  7 vampire bats (Bailey)
  6 wolf zombies (Bailey)
  A centaur zombie (D:8)
  A lava snake (D:7)
  A jelly (D:8)
  Crazy Yiuf (D:6)
  7 hounds
  12 orc priests
  2 sleepcaps
  2 gnoll boudas
  3 iguanas (D:6)
  Natasha (thrice) (D:4)
  7 orc wizards
  A killer bee zombie (D:8)
  2 mummies (Ossuary)
  A howler monkey zombie (D:8)
  Robin (D:4)
  6 adders
  22 gnolls
  5 white imps
  6 adder zombies (Ossuary)
  3 dart slugs
  35 orcs
  3 bats
  14 endoplasms
  4 giant cockroaches
  3 gnoll zombies (Ossuary)
  9 hobgoblins
  5 kobolds
  5 quokkas
  6 ball pythons
  6 frilled lizards
  21 goblins
  3 hobgoblin zombies (Ossuary)
  5 kobold zombies (Ossuary)
  24 orc zombies
  A quokka zombie (D:6)
  7 rats
  A rat zombie (D:6)
  4 fulminant prisms
312 creatures vanquished.

Vanquished Creatures (others)
  510 foxfires
  25 fulminant prisms
535 creatures vanquished.

Grand Total: 847 creatures vanquished

Notes
Turn   | Place    | Note
-------+----------+-------------------------------------------
     0 | D:1      | BiteMe the Demonspawn Fire Elementalist began the quest for
                  | the Orb.
     0 | D:1      | Reached XP level 1. HP: 13/13 MP: 3/3
   440 | D:1      | Reached skill level 3 in Fire Magic
   570 | D:1      | Gained mutation: You are partially covered in rugged brown
                  | scales. (AC +1, +3% HP) [demonic ancestry]
   570 | D:1      | Reached XP level 2. HP: 13/19 MP: 1/5
   625 | D:1      | Learned a level 2 spell: Scorch
  1139 | D:1      | Found a basalt altar of Yredelemnul.
  1229 | D:1      | Reached XP level 3. HP: 25/25 MP: 4/6
  2042 | D:2      | Reached skill level 1 in Fighting
  2823 | D:2      | Gained mutation: You sometimes gain a little power by
                  | taking damage. [demonic ancestry]
  2823 | D:2      | Reached XP level 4. HP: 32/32 MP: 7/7
  3302 | D:2      | Noticed a ynoxinul
  3303 | D:2      | Found a faded altar of an unknown god.
  3348 | D:3      | Noticed a scorpion
  3356 | D:3      | Killed a scorpion
  3357 | D:3      | Reached XP level 5. HP: 39/39 MP: 0/9
  3829 | D:3      | Found a shimmering blue altar of Sif Muna.
  3916 | D:3      | You fall into a shaft and drop 2 floors!
  3916 | D:5      | Entered Level 5 of the Dungeon
  4013 | D:5      | Noticed Grinder
  4037 | D:5      | Killed Grinder
  4038 | D:5      | Reached skill level 1 in Maces & Flails
  4038 | D:5      | Reached skill level 4 in Fire Magic
  4038 | D:5      | Reached XP level 6. HP: 43/47 MP: 1/11
  4479 | D:5      | Gained mutation: Spells you cast may paralyse adjacent
                  | enemies. [demonic ancestry]
  4479 | D:5      | Reached XP level 7. HP: 52/52 MP: 6/12
  5623 | D:4      | Noticed Robin
  5653 | D:4      | Killed Robin
  5654 | D:4      | Reached skill level 5 in Fire Magic
  5786 | D:4      | Noticed Natasha
  5792 | D:4      | Killed Natasha
  5797 | D:4      | Noticed Duvessa
  5808 | D:4      | Noticed Dowan
  5822 | D:4      | Killed Dowan
  5840 | D:4      | Killed Duvessa
  5841 | D:4      | Gained mutation: You have sharp fingernails. [demonic
                  | ancestry]
  5841 | D:4      | Reached XP level 8. HP: 33/59 MP: 9/15
  6026 | D:4      | Noticed Natasha
  6030 | D:4      | Killed Natasha
  6214 | D:3      | Learned a level 3 spell: Inner Flame
  6218 | D:3      | Learned a level 3 spell: Volatile Blastmotes
  6237 | D:3      | Found a shimmering altar of Xom.
  6438 | D:4      | Reached skill level 5 in Spellcasting
  6654 | D:4      | Found a staircase to the Ecumenical Temple.
  6663 | Temple   | Entered the Ecumenical Temple
  6699 | Temple   | Became a worshipper of Vehumet
  6737 | D:4      | Noticed Natasha
  6744 | D:4      | Killed Natasha
  7087 | D:6      | Reached skill level 6 in Fire Magic
  7137 | D:6      | Found a runed translucent door.
  7138 | D:6      | Noticed a boulder beetle
  7138 | D:6      | Noticed Tacobop's ghost (amateur VSBr)
  7175 | D:6      | Noticed a gargoyle
  7181 | D:6      | Killed a gargoyle
  7203 | D:6      | Found a sand-covered staircase.
  7211 | Ossuary  | Entered an ossuary
  7568 | Ossuary  | Reached * piety under Vehumet
  7568 | Ossuary  | Offered knowledge of Sandblast by Vehumet.
  8991 | D:6      | Reached skill level 1 in Translocations
  9097 | D:6      | Reached XP level 9. HP: 66/66 MP: 11/18
  9466 | D:6      | Killed Tacobop's ghost
  9467 | D:6      | Reached skill level 7 in Fire Magic
  9494 | D:6      | Killed a boulder beetle
  9725 | D:6      | Identified the staff of conjuration "Huesaovu" {rPois rF+
                  | rC++ Int-4}
  9892 | D:6      | Found a runed translucent door.
  9893 | D:6      | Noticed Crazy Yiuf
  9899 | D:6      | Killed Crazy Yiuf
 10081 | D:6      | Learned a level 4 spell: Flame Wave
 10092 | D:7      | Offered knowledge of Momentum Strike by Vehumet.
 10155 | D:7      | Reached ** piety under Vehumet
 10503 | D:7      | Identified a scroll of acquirement
 10681 | D:8      | Reached skill level 8 in Fire Magic
 11512 | D:8      | Reached skill level 5 in Fighting
 11512 | D:8      | Reached XP level 10. HP: 76/76 MP: 2/21
 11799 | D:8      | Found a staircase to the Lair.
 12448 | D:8      | Reached skill level 9 in Fire Magic
 12470 | D:8      | Offered knowledge of Static Discharge by Vehumet.
 12497 | D:8      | Reached skill level 5 in Conjurations
 12663 | D:9      | Found Qastud's Jewellery Shoppe.
 12747 | D:9      | Found a flagged portal.
 12778 | Bailey   | Entered a bailey
 12834 | Bailey   | Reached *** piety under Vehumet
 13543 | Bailey   | Offered knowledge of Sticky Flame by Vehumet.
 13771 | Bailey   | Noticed a gargoyle
 13786 | Bailey   | Killed a gargoyle
 14353 | Bailey   | Learned a level 3 spell: Mephitic Cloud
 14359 | Bailey   | Learned a level 4 spell: Fulminant Prism
 14371 | Bailey   | Acquired the staff of fire "Buefruv" {rPois rF+}
 15314 | D:9      | Reached skill level 10 in Fire Magic
 15371 | D:9      | Reached skill level 5 in Dodging
 15432 | D:9      | Gained mutation: You are mostly covered in rugged brown
                  | scales. (AC +2, +5% HP) [demonic ancestry]
 15432 | D:9      | Reached XP level 11. HP: 78/85 MP: 23/23
 15441 | D:9      | Reached **** piety under Vehumet
 15671 | D:9      | Found a shadowy altar of Dithmenos.
 16092 | D:9      | Offered knowledge of Hailstorm by Vehumet.
 16237 | D:10     | Entered Level 10 of the Dungeon
 16548 | D:10     | Found a bloodstained altar of Trog.
 16928 | D:10     | Noticed Psyche
 16935 | D:10     | Killed Psyche
 17307 | D:10     | Reached skill level 1 in Staves
 17765 | D:10     | Found a portal to a secret trove of treasure.
 18198 | D:11     | Noticed a centaur warrior
 18218 | D:11     | Shot with an arrow by a centaur warrior

Illustrated notes

Levels and vault maps discovered:
D:1:      spicycebolla_green_bress_n_ham, layout_basic, minmay_hexomino_r4
D:2:      minmay_inner_zag, layout_basic,
          dreamdust_ecumenical_altar_sealed_demon, kennysheep_generic_room_11
D:3:      layout_rooms, xom_teletrap_fun, led_sif_pool
D:4:      cheibrodos_quashed, layout_loops_ring,
          minmay_temple_entry_antechambers, uniq_natasha, uniq_robin,
          uniq_duvessa
D:5:      layout_rooms, reono_crystal_passage, uniq_grinder
D:6:      layout_basic, enter_ossuary_4, serial_rivers,
          chequers_serial_rivers_micro_c, chequers_serial_rivers_micro_b,
          chequers_serial_rivers_micro_a, chequers_serial_rivers_marsh,
          ebering_ghost_inner_flame, uniq_crazy_yiuf_cottage
D:7:      layout_basic, kennysheep_generic_room_16
D:8:      layout_basic, lair_entry_dummy, serial_undead, serial_undead_e,
          serial_undead_a, serial_undead_e, serial_undead_c
D:9:      layout_long_grid, general_overflow_altar, serial_shops,
          nicolae_diamond_shop, enter_bailey_3, chequers_serial_rivers_micro_c
D:10:     layout_stronghold, trog_three_pillars_becter,
          nicolae_trove_entry_crystal, uniq_psyche
D:11:     layout_stronghold
Temple:   regret_index_temple_chain_breaker

Skill      XL: |  1  2  3  4  5  6  7  8  9 10 11 |
---------------+----------------------------------+-----
Fire Magic     | 3 4 5 6 8 10 | 10.3
Dodging        | 2 3 5 |  5.3
Fighting       | 1 2 3 4 5 6 |  6.4
Conjurations   | 2 3 4 5 |  5.7
Spellcasting   | 3 4 6 7 8 |  8.6
Maces & Flails | 1 |  1.1
Translocations | 1 |  1.0
Staves         | 1 |  1.0
Stealth        | |  1.8
Unarmed Combat | |  0.2
Hexes          | |  0.1
Poison Magic   | |  0.1
Evocations     | |  0.9

Action                     |  1- 3 |  4- 6 |  7- 9 | 10-12 || total
---------------------------+-------+-------+-------+-------++-------
  Melee: Dagger            |    13 |       |       |       ||    13
         Mace              |    14 |    26 |    14 |   107 ||   161
         Staff             |     3 |       |       |    11 ||    14
         Unarmed           |       |       |    17 |       ||    17
         Whip              |       |       |    53 |       ||    53
         Punch             |       |       |     1 |       ||     1
         Quarterstaff      |       |       |       |     3 ||     3
   Cast: Foxfire           |    58 |    62 |   107 |    84 ||   311
         Scorch            |     4 |     5 |   128 |   152 ||   289
         Volatile Blastmot |       |       |    20 |     9 ||    29
         Inner Flame       |       |       |     4 |     4 ||     8
         Flame Wave        |       |       |     1 |     3 ||     4
         Fulminant Prism   |       |       |       |    30 ||    30
         Mephitic Cloud    |       |       |       |     7 ||     7
    Use: Scroll            |     4 |     4 |    12 |     4 ||    24
         Potion            |       |       |     5 |     4 ||     9
   Stab: Sleeping          |     1 |     1 |     1 |     2 ||     5
         Confused          |       |       |     3 |       ||     3
         Paralysed         |       |       |     4 |    19 ||    23
 Armour: Robe              |    11 |    14 |    32 |       ||    57
         Skin              |       |       |     8 |       ||     8
         Steam dragon scal |       |       |    10 |    60 ||    70
  Dodge: Dodged            |    28 |    28 |   105 |   133 ||   294
  Block: Buckler           |       |       |       |     5 ||     5
